[Event "Championnat d'Europe de Blitz"]
[Date "2024.12.09"]
[White "Fedoseev, Vladimir"]
[Black "Baidetskyi, Valentin"]
[WhiteElo "2709"]
[BlackElo "2519"]
[Round "13.4"]
[Result "1/2-1/2"]
[TimeControl "180+2"]

1. d4 Nf6 2. c4 e6 3. Nf3 Bb4+ 4. Nbd2 Be7 5. e4 d6 6. b3 e5 7. Bb2 exd4 8. Nxd4 Nc6 9. Be2 Nxd4 10. Bxd4 O-O 11. O-O Bd7 12. f4 Bc6 13. Qc2 a5 14. Rad1 Re8 15. Rfe1 Nd7 16. Bd3 Bf6 17. Bf2 g6 18. Nf3 Nc5 19. Bxc5 dxc5 20. Qf2 Bc3 21. Rf1 Qe7 22. Qc2 Bd4+ 23. Nxd4 cxd4 24. Rde1 a4 25. c5 axb3 26. axb3 Ra5 27. b4 Ra3 28. f5 Rc3 29. Qd2 Qh4 30.
g3 Qg4 31.
Rf4 Qg5 32.
e5 Ra3 33. fxg6 hxg6 34. Bc4 Rxe5 35. Rxe5 Qxe5 36. Rxf7 Qe3+ 37. Qxe3 Rxe3 38.
Rxc7+ Kf8 39. b5 Be4 40. c6 bxc6 41. b6 c5 42. b7 Bxb7 43. Rxb7 Rc3 44. Bd5 d3 45. Kf2 d2 46. Ke2 d1=Q+ 47. Kxd1 Rd3+ 48. Kc2 Rxd5 49. Kc3 Rh5 50. Rb2 Ke7 51. Kc4 Kf6 52.
Rf2+ Kg7 53.
Re2 Kf7 54.
Rd2 Kg7 55. h4 g5 56. Rd5 Kg6 57. Rd6+ Kg7 58. Rd5 Kg6 59. Rd6+ Kg7 60. Rd5 Kg6 61. Rxg5+ Kf6 1/2-1/2

[Site "Europe Echecs"]

[Event "Championnat d'Europe de Blitz"]
[Date "2024.12.09"]
[White "Peyrer, Konstantin"]
[Black "Safarli, Eltaj"]
[WhiteElo "2440"]
[BlackElo "2610"]
[Round "13.5"]
[Result "0-1"]
[TimeControl "180+2"]

1. Nf3 Nf6 2. c4 c5 3. g3 g6 4. Bg2 Bg7 5. O-O O-O 6. Nc3 Nc6 7. d4 cxd4 8. Nxd4 Qa5 9. Nb3 Qh5 10. e4 d6 11. Qxh5 Nxh5 12. Nd5 Bd7 13. Rb1 Rac8 14. Bd2 e6 15. Ne3 Ne5 16. Rfc1 Nd3 17. Rc2 Ba4 18.
Bc3 Nc5 19.
Bxg7 Kxg7 20. Rc3 Bxb3 21. axb3 a5 22. Nc2 Nf6 23. Re1 Rfd8 24. Nd4 Ne8 25. Ra1 b6 26. Rd1 Kf8 27. Nb5 Ke7 28. f4 Nc7 29. Na7 N7a6 30. Nxc8+ Rxc8 31. Kf2 Nb4 32. Ke3 Na2 33. Rc2 Nxb3 34. Bf1 a4 35. Rf2 Nb4 36. f5 Rc5 37. fxe6 fxe6 38. Bh3 Nc6 39. Bf1 Ne5 40. Be2 Na5 41. Rdf1 Naxc4+ 42. Bxc4 Rxc4 43. h3 Rb4 44. Re2 Rb3+ 45. Kf2 Nd3+ 46. Kg2 Rxb2 47. Rxb2 Nxb2 48. Kf3 b5 49. Ra1 Nc4 50. Ke2 Kd7 51. Kd3 Kc6 52. Rf1 Kc5 53. Rf7 Ne5+ 0-1

[Site "Europe Echecs"]

[Event "Championnat d'Europe de Blitz"]
[Date "2024.12.09"]
[White "Fressinet, Laurent"]
[Black "Beerdsen, Thomas"]
[WhiteElo "2588"]
[BlackElo "2502"]
[Round "13.6"]
[Result "1-0"]
[TimeControl "180+2"]

1. Nf3 d5 2.
g3 Nc6 3.
Bg2 e5 4. d3 Nf6 5. O-O Be7 6. Nbd2 e4 7. Ne1 h5 8. c4 dxc4 9. Nxe4 cxd3 10. Nxd3 h4 11. Ndc5 hxg3 12.
Qxd8+ Bxd8 13. hxg3 Nd4 14. Nc3 Be7 15. Nb3 Ne6 16. Rd1 c6 17. Na5 Bc5 18. Nxc6 O-O 19. Na5 Ng4 20. Ne4 Bb4 21. Bd2 Be7 22. Bc3 Nc7 23. Nd6 Bxd6 24. Rxd6 Nb5 25. Rd2 Nxc3 26. bxc3 Rb8 27. Rad1 Be6 28. Nxb7 Rfc8 29. Rd8+ Kh7 30. a3 Nf6 31. Bf3 Bb3 32. R1d4 g5 33. g4 Be6 34. c4 Kg7 35. Rxc8 Rxc8 36. c5 Rc7 37. c6 Nh7 38. Nc5 Nf8 39. e3 Bc8 40. Rd8 Be6 41. Rb8 Bc8 42. Rb7 Bxb7 43. cxb7 Rxc5 44. b8=Q Ne6 45. Qxa7 Rc3 46. Bd5 1-0

[Site "Europe Echecs"]

[Event "Championnat d'Europe de Blitz"]
[Date "2024.12.09"]
[White "Pantsulaia, Levan"]
[Black "Kilic, Eray"]
[WhiteElo "2522"]
[BlackElo "2459"]
[Round "13.7"]
[Result "1-0"]
[TimeControl "180+2"]

1. Nf3 d5 2.
c4 d4 3. b4 g5 4. h3 Bg7 5. d3 h6 6. g3 e5 7. Bg2 Ne7 8. Nbd2 O-O 9. O-O Ng6 10. a4 Be6 11. b5 Qc8 12. Ba3 Re8 13. Kh2 Nd7 14. Nb3 Rb8 15. Nfd2 b6 16. c5 Nf6 17. cxb6 axb6 18. Rc1 Nd5 19. Bb2 Ra8 20. a5 Qd7 21. axb6 cxb6 22. Nc4 Rab8 23. Nbd2 f5 24. Qb3 h5 25. Ba3 Red8 26. Qb2 Nc3 27. Bc6 Qf7 28. Nd6 Qf6 29. N2c4 g4 30. hxg4 hxg4 31. Rxc3 dxc3 32. Qxc3 Qg5 33. Kg2 Ne7 34. Bc1 Qf6 35. e4 f4 36. Bb2 f3+ 37. Kg1 Qh6 38. Nf5 Nxf5 39. exf5 Qh3 40. Ne3 Bf7 41. Qb4 Bh6 42. Qxg4+ Qxg4 43. Nxg4 Bg7 44. f6 Bf8 45. Nxe5 Be6 46. d4 Bd6 47. Nxf3 Rf8 48. Ng5 Bc4 49. Rc1 Bb3 50. d5 Bc5 51. f7+ Rxf7 52. Nxf7 Kxf7 53.
Rc3 Bd1 54.
Rd3 Be2 55.
Rd2 Bg4 56.
d6 Rd8 57. d7 Kg6 58. Kg2 Be6 59. f4 Bb4 60. Rd1 Bg4 61. Bf3 Bxd7 62. Be5 Bc5 63. Rd5 Be7 64. Bc7 1-0

[Site "Europe Echecs"]

[Event "Championnat d'Europe de Blitz"]
[Date "2024.12.09"]
[White "Quparadze, Giga"]
[Black "Pichot, Alan"]
[WhiteElo "2537"]
[BlackElo "2637"]
[Round "13.8"]
[Result "0-1"]
[TimeControl "180+2"]

1. e4 e5 2.
Nf3 Nc6 3. Bb5 g6 4. c3 a6 5. Ba4 d6 6. d4 Bd7 7. O-O Bg7 8. h3 Nf6 9. Re1 O-O 10. Nbd2 Re8 11. Bc2 a5 12. a4 exd4 13. Nxd4 d5 14. Nxc6 Bxc6 15. e5 Nd7 16. f4 f6 17. e6 Nc5 18. f5 d4 19. fxg6 d3 20. gxh7+ Kh8 21. Bb3 Nxb3 22. Qxb3 Qd6 23. Nf1 Rad8 24. Bd2 Qc5+ 25. Be3 Qf5 26. Qc4 Rxe6 27. Ng3 Qd5 28. Qxd5 Bxd5 29. Bd2 Bf8 30. Rxe6 Bxe6 31. Re1 Bf7 32. Ne4 Be7 33. Kh1 Bg6 34. Ng5 Rd7 35. Ne6 Kxh7 36. Nd4 Bd6 37. Rf1 Be5 38. Ne6 Kg8 39. Nf4 Be4 40. Nh5 Kf7 41. Kg1 Ke6 42. Nf4+ Kd6 43. Nh5 f5 44. g4 fxg4 45. hxg4 Kd5 46. Re1 Rf7 47. c4+ Kxc4 48. Rxe4+ Bd4+ 49. Be3 c5 50. Kg2 Kd5 51. Re8 Bxe3 52.
Rxe3 Kd4 53. Re8 Rd7 54. Kf2 Kc4 55. Ke1 Kb3 56. Kd2 Kxb2 57. Nf4 c4 58. Nd5 Rxd5 59. Rc8 Kb3 60. Rc7 b5 61. axb5 Rxb5 62. Ke3 a4 63. Rd7 a3 64. Kd4 a2 0-1

[Site "Europe Echecs"]

[Event "Championnat d'Europe de Blitz"]
[Date "2024.12.09"]
[White "Livaic, Leon"]
[Black "Pultinevicius, Paulius"]
[WhiteElo "2560"]
[BlackElo "2579"]
[Round "13.9"]
[Result "1-0"]
[TimeControl "180+2"]

1. d4 Nf6 2. c4 e6 3. Nf3 d5 4. Nc3 c6 5. Bg5 h6 6. Bxf6 Qxf6 7. Qc2 dxc4 8. e3 b5 9. a4 Bb7 10. axb5 cxb5 11. Nxb5 Bb4+ 12. Nc3 O-O 13. Be2 Nd7 14. O-O Rfc8 15. Rfc1 Qe7 16. Nd2 Nb6 17. Bf3 Bxf3 18. Nxf3 a5 19. Qe2 a4 20. Ne5 a3 21. bxa3 Rxa3 22. Rxa3 Bxa3 23. Rc2 Qb4 24. g3 Qb3 25. Kg2 Rc7 26. h4 Nd5 27. Ne4 c3 28.
Nd3 Qc4 29.
Qd1 Qc6 30.
Qf3 Qa4 31.
Qe2 Qc4 32.
Qd1 Rb7 33.
Qa1 Qb3 34.
Qd1 Bb2 35.
Nec5 Qb5 36.
Nxb7 Qxb7 37. Kh2 Qb3 38. Qb1 Nb4 39. Nxb4 Qxb4 40. Re2 Qc4 41. Qc2 Qb4 42. Re1 Ba3 43. Rb1 Bb2 44. Rd1 Qc4 45. e4 Ba3 46. d5 exd5 47. exd5 Bd6 48. Kg2 h5 49. Kg1 Qc5 50. Rd3 Be5 51. d6 Bxd6 52. Rxc3 Qb4 53. Rc8+ Bf8 54. Rc4 Qb5 55. Kg2 g6 56. Qe4 Qd7 57.
Rd4 Qc7 58.
Rd5 Qc6 59.
Qf3 Qe6 60.
Rd4 Bc5 61.
Re4 Qd7 62. Re5 Bf8 63. Qd5 Qc7 64. Re8 Qb6 65. Qa8 Qc5 66. Qe4 Qa3 67. Ra8 Qc5 68. Rb8 Qd6 69. Rb7 Qf6 70. Qf3 Qe6 71. Ra7 Bc5 72. Ra8+ Bf8 73. Ra4 Qd7 74. Re4 Qc6 75. g4 hxg4 76. Rxg4 Qb5 77. Rg5 Qb2 1-0

[Site "Europe Echecs"]

[Event "Championnat d'Europe de Blitz"]
[Date "2024.12.09"]
[White "Mastrovasilis, Dimitrios"]
[Black "Korobov, Anton"]
[WhiteElo "2537"]
[BlackElo "2629"]
[Round "13.10"]
[Result "1-0"]
[TimeControl "180+2"]

1. e4 c5 2.
Nf3 d6 3. Bb5+ Nd7 4. d4 cxd4 5. Qxd4 a6 6. Bxd7+ Bxd7 7. Nc3 e5 8. Qd3 h6 9. Nd2 Nf6 10. Nc4 Be6 11. O-O Qc7 12. Ne3 Rc8 13. Bd2 Be7 14. Rac1 b5 15. a3 Qb7 16. Rfd1 O-O 17. Be1 Nh5 18. Ncd5 Bg5 19. Bd2 Rfe8 20. h3 Nf4 21. Nxf4 exf4 22. Nd5 Bxd5 23. exd5 Bf6 24. Bxf4 Bxb2 25. Rb1 Be5 26. Bxe5 Rxe5 27. a4 b4 28. c3 a5 29. cxb4 axb4 30. Qb5 Qa7 31. Qxb4 g6 32. Qxd6 Re2 33. Qf4 Rce8 34. Rf1 R2e4 35. Qxh6 Qxa4 36. Rbd1 Qd7 37. d6 R8e6 38. Qd2 Re2 39. Qd4 R2e4 40. Qc5 R4e5 41. Qc7 1-0

[Site "Europe Echecs"]

[Event "Championnat d'Europe de Blitz"]
[Date "2024.12.09"]
[White "Kozul, Zdenko"]
[Black "Alonso Rosell, Alvar"]
[WhiteElo "2519"]
[BlackElo "2532"]
[Round "13.11"]
[Result "0-1"]
[TimeControl "180+2"]

1. d4 Nf6 2. c4 c5 3. d5 b5 4. cxb5 a6 5. b6 Qxb6 6. Nc3 d6 7.
e4 g6 8. Nf3 Bg7 9. Be2 O-O 10. O-O Nbd7 11. Rb1 Qd8 12. b3 Ne8 13. Qc2 Nc7 14. Bg5 Nb6 15. Nd2 f5 16. f3 h6 17. Bh4 f4 18. Rfd1 Nd7 19. a4 Ne5 20. Nc4 Rb8 21. Na2 g5 22. Be1 Ne8 23. Bc3 h5 24. Qb2 Nxc4 25. Bxc4 g4 26. e5 Bf5 27. Rbc1 Kh7 28. Qe2 dxe5 29. Bxe5 Nd6 30. Nc3 gxf3 31. Qxf3 Bxe5 32. Qxh5+ Kg8 33. Re1 Bd4+ 34. Kh1 Rf7 35. Ne2 0-1

[Site "Europe Echecs"]

[Event "Championnat d'Europe de Blitz"]
[Date "2024.12.09"]
[White "Costachi, Mihnea"]
[Black "Muradli, Mahammad"]
[WhiteElo "2464"]
[BlackElo "2588"]
[Round "13.12"]
[Result "0-1"]
[TimeControl "180+2"]

1. d4 Nf6 2. c4 g6 3. Nc3 Bg7 4. e4 O-O 5. Be2 d6 6. Bg5 c5 7. d5 e6 8. Nf3 h6 9. Be3 exd5 10. cxd5 Bg4 11. O-O Bxf3 12. Bxf3 a6 13. a4 Re8 14. Re1 Nbd7 15. h3 c4 16. Bd4 Qc7 17. Qd2 Nc5 18. Bxf6 Bxf6 19. Qxh6 Nd3 20. Re2 Nxb2 21. e5 Bxe5 22.
Ne4 Bg7 23.
Qh4 Nd3 24.
Nf6+ Bxf6 25. Qxf6 Ne5 26. Be4 Qe7 27. Qf4 b5 28. h4 Kg7 29. h5 Rh8 30. hxg6 fxg6 31. Qg3 Qf6 32. Rb1 Rh4 33. axb5 Rah8 34.
f3 Nd3 35.
Bxd3 Qd4+ 36. Kf1 Rh1# 0-1

[Site "Europe Echecs"]

[Event "Championnat d'Europe de Blitz"]
[Date "2024.12.09"]
[White "Bernadskiy, Vitaliy"]
[Black "Dardha, Daniel"]
[WhiteElo "2546"]
[BlackElo "2639"]
[Round "13.13"]
[Result "0-1"]
[TimeControl "180+2"]

1. e4 c5 2.
Nc3 Nc6 3.
Nf3 e5 4.
Bc4 Be7 5.
d3 d6 6. a4 Nf6 7. Bg5 O-O 8. Bxf6 Bxf6 9. Nd5 Be6 10. c3 a6 11. O-O g6 12. Ne3 Bd7 13. Qd2 Bg7 14. b4 cxb4 15.
cxb4 Kh8 16.
b5 Na5 17.
Qb4 f5 18.
Qxd6 fxe4 19. Nxe5 Be8 20. Qe6 Qf6 21. Qxf6 Bxf6 22. d4 Nxc4 23. N3xc4 axb5 24. axb5 Bxb5 25. Rac1 Bxe5 26. dxe5 Ra4 27. Nb6 Ra6 28. Rfe1 0-1

[Site "Europe Echecs"]

[Event "Championnat d'Europe de Blitz"]
[Date "2024.12.09"]
[White "Grigoriants, Sergey"]
[Black "Kazakouski, Valery"]
[WhiteElo "2542"]
[BlackElo "2567"]
[Round "13.14"]
[Result "1-0"]
[TimeControl "180+2"]

1. e4 e5 2. Nf3 Nc6 3. Bb5 Bc5 4. c3 Nf6 5. d3 d6 6. O-O O-O 7. Nbd2 a6 8. Bxc6 bxc6 9. Re1 Re8 10. Nf1 h6 11. Be3 Bb6 12. Ng3 Be6 13. h3 Qb8 14. Qc2 a5 15. b3 c5 16. d4 cxd4 17. cxd4 Bd7 18. dxe5 dxe5 19. Qc3 Bxe3 20. Rxe3 c6 21. Rd1 Qb4 22. Qc2 a4 23. Red3 axb3 24. axb3 Ra7 25. Rd6 Be6 26. Qxc6 Qxb3 27. Nxe5 Qb2 28. Nh5 Rc8 29. Nxf6+ gxf6 30. Rd8+ Rxd8 31. Rxd8+ Kh7 32. Nd3 Ra1+ 33. Kh2 Qb1 34. Qe8 Qg1+ 35. Kg3 1-0

[Site "Europe Echecs"]

[Event "Championnat d'Europe de Blitz"]
[Date "2024.12.09"]
[White "Van Foreest, Lucas"]
[Black "Fridman, Daniel"]
[WhiteElo "2520"]
[BlackElo "2571"]
[Round "13.15"]
[Result "1-0"]
[TimeControl "180+2"]

1. Nf3 d5 2. g3 Nd7 3. d4 Nb6 4. a4 a5 5. b3 Bf5 6. Nh4 Be4 7. f3 Bg6 8. Bg2 e6 9. Nxg6 hxg6 10. O-O Nf6 11. e4 c6 12. c3 Be7 13. Be3 Qc7 14. Nd2 Rd8 15. Qe2 Nbd7 16. Rac1 e5 17. dxe5 Nxe5 18. f4 Neg4 19. e5 Nxe3 20. exf6 Bc5 21. fxg7 Rg8 22. Rfe1 Kd7 23. b4 Ba7 24. Bh3+ Nf5+ 25. Kh1 Rxg7 26. Nb3 Kc8 27. Nxa5 Rh7 28. Bxf5+ gxf5 29. Nb3 Rdh8 30. Rc2 Qd6 31. Qd3 Rh5 32. Re5 Qg6 33. Rg2 Qg4 34. Qe2 Qg6 35. b5 Kb8 36. Re8+ Rxe8 37. Qxe8+ Kc7 38. Qe7+ Kc8 39.
Na5 Qg4 1-0

[Site "Europe Echecs"]

[Event "Championnat d'Europe de Blitz"]
[Date "2024.12.09"]
[White "Larkin, Vladyslav"]
[Black "Kadric, Denis"]
[WhiteElo "2449"]
[BlackElo "2544"]
[Round "13.16"]
[Result "0-1"]
[TimeControl "180+2"]

1. e4 d6 2. d4 Nf6 3. Nc3 e5 4. Nf3 Nbd7 5. h3 c6 6. a4 Be7 7. g4 h6 8.
Rg1 Qc7 9.
g5 hxg5 10.
Nxg5 Qb6 11.
dxe5 Nxe5 12. a5 Qc7 13. f4 Ng6 14. Be3 d5 15. exd5 O-O 16. Qd2 Bb4 17. d6 Bxd6 18. Nge4 Nxe4 19. Nxe4 Be7 20.
Bd3 Bf5 21.
O-O-O Rad8 22. Qc3 Rfe8 23. Qb3 Qxa5 24. Kb1 Qd5 25. Qxd5 cxd5 26. Nc3 Bxd3 27. Rxd3 Bf6 28. Nxd5 Rxd5 29. Rxd5 Rxe3 30. f5 Nf4 31. Rd7 Re7 32. Rd8+ Kh7 33. Ra8 a6 34.
Rd1 g6 35. fxg6+ fxg6 36. Rf8 Nh5 37. Rb8 Bg7 38. Rdd8 Nf4 39. h4 Ng2 40. h5 gxh5 41. Rd5 Kg6 42. Rc8 Nf4 43. Rd1 Bf6 44. Rc4 Ne6 45.
Rg1+ Ng5 46. Rc8 Rh7 47. Rg8+ Kf7 48. R8xg5 Bxg5 49. Rxg5 h4 50. Rg2 h3 51. Rh2 Kf6 52. Kc1 Kf5 53. Kd2 Kf4 54. Ke2 Kg3 55. Rh1 h2 56. c4 Kg2 0-1

[Site "Europe Echecs"]

[Event "Championnat d'Europe de Blitz"]
[Date "2024.12.09"]
[White "Lagarde, Maxime"]
[Black "Kuzubov, Yuriy"]
[WhiteElo "2600"]
[BlackElo "2595"]
[Round "13.17"]
[Result "0-1"]
[TimeControl "180+2"]

1. e4 e6 2.
d4 d5 3. Nd2 Nc6 4. Ngf3 Nf6 5. e5 Nd7 6. Nb3 b6 7. a4 a5 8. Bb5 Na7 9. Be2 Be7 10. c3 c5 11. Be3 Nc6 12. Nc1 O-O 13. Nd3 Ba6 14. O-O Rc8 15. Nf4 Bxe2 16. Qxe2 Re8 17. Ne1 cxd4 18. cxd4 Nb4 19. Qg4 Nf8 20. g3 Qd7 21. h4 Ng6 22. Nfg2 Bf8 23. h5 Ne7 24. Nh4 Nf5 25. Nxf5 exf5 26. Qe2 Rc6 27. Ng2 Rc2 28. Qf3 Rxb2 29. Nh4 g6 30. Rac1 Rc8 31. Rxc8 Qxc8 32. Ng2 Qc2 33. Rc1 Rb1 34. Rxb1 Qxb1+ 35. Kh2 Qe4 36. Qe2 Qg4 37.
Qxg4 fxg4 38. Nf4 g5 39. Ne2 h6 40. Nc3 Be7 41. Kg2 f6 42. Kf1 Kf7 43. Ke2 Ke6 44. exf6 Bxf6 45. Nb5 Be7 46. Nc7+ Kf5 47. Bd2 Nc6 48. Nxd5 Nxd4+ 49. Kd3 Bc5 50. Be3 Ne6 51. Nxb6 Bxe3 52. Kxe3 Nc5 53. Nc4 Nxa4 54. Nxa5 Nb6 55. Nc6 Nc4+ 56. Kd4 Nd2 57. Nb4 Nf3+ 58. Ke3 Ne5 59. Nd5 Nd7 60. Kd4 Ke6 61. Ne3 Nf6 62. Nc4 Nxh5 63. Ne3 Nf6 64. Kd3 h5 65. Ke2 Ke5 66. f3 gxf3+ 67. Kxf3 Nd5 68. Nc4+ Kd4 69. Nd6 g4+ 70. Kf2 Nf6 71. Nf5+ Ke5 72. Nh4 Ne4+ 73.
Kg2 Kd4 74. Ng6 Ke3 75. Nf4 h4 76. Nh5 h3+ 77. Kh2 Kf3 78. Ng7 Nxg3 79. Ne6 Ne4 80. Nd4+ Kf2 81. Nf5 Ng5 82. Kh1 g3 0-1

[Site "Europe Echecs"]

[Event "Championnat d'Europe de Blitz"]
[Date "2024.12.09"]
[White "Sargissian, Gabriel"]
[Black "Papasimakopoulos, Alexandros"]
[WhiteElo "2628"]
[BlackElo "2379"]
[Round "13.18"]
[Result "0-1"]
[TimeControl "180+2"]

1. d4 d5 2. c4 e6 3. Nc3 a6 4. cxd5 exd5 5. Nf3 c6 6. Bf4 Bd6 7. Be5 Bxe5 8. Nxe5 Nd7 9. Nd3 Ne7 10. e3 Nf5 11. Be2 O-O 12. O-O Nd6 13. b4 Nf6 14. a4 Bf5 15. a5 Bxd3 16. Bxd3 Re8 17. Na4 Nd7 18. Nc5 Nxc5 19. bxc5 Nb5 20. Qd2 g6 21. f4 f5 22. Rf3 Re6 23. g4 fxg4 24. Rg3 Qh4 25. f5 Rf6 26.
Rf1 Raf8 27.
Rf4 h5 28.
Qf2 Kg7 29.
e4 dxe4 30.
Bxe4 gxf5 31. Bxf5 Qg5 32. Bxg4 Rxf4 33. Bf3 Rg4 0-1

[Site "Europe Echecs"]

[Event "Championnat d'Europe de Blitz"]
[Date "2024.12.09"]
[White "Pancevski, Filip"]
[Black "Smeets, Jan"]
[WhiteElo "2420"]
[BlackElo "2552"]
[Round "13.19"]
[Result "1-0"]
[TimeControl "180+2"]

1. e4 c6 2. d4 d5 3. e5 Bf5 4. Nd2 e6 5. Nb3 Nd7 6. Nf3 Qc7 7. Be2 f6 8. Bf4 fxe5 9. dxe5 c5 10. O-O Ne7 11. Bg3 h6 12. h3 g5 13. c4 d4 14. Bd3 g4 15. hxg4 Bxg4 16. Nbd2 Nf5 17. Bh2 h5 18. Bxf5 Bxf5 19. Nh4 Bd3 20. Re1 Be7 21. Qf3 Bc2 22. Qh3 O-O-O 23. Rac1 Bxh4 24. Rxc2 Bg5 25. Ne4 Bh6 26. Nd6+ Kb8 27. Nf7 d3 28. Qxd3 Nb6 29. Nxd8 Rxd8 30. Qg6 Bf8 31. Qxe6 a6 32. b3 Ka7 33. Qf5 Be7 34. Qxh5 Qc6 35. e6 Rg8 36. Qh3 Nc8 37. Rd2 Nd6 38. Bxd6 Bxd6 39. e7 Bc7 40. Rde2 Re8 41. Qe6 Bd6 42. Rd2 Rxe7 43. Rxd6 Rxe6 44. Rdxe6 Qd7 45. R1e2 a5 46. g3 a4 47. bxa4 Qxa4 48. R6e4 Ka6 49. Kg2 Ka5 50. g4 Qd7 51. Kg3 Kb4 52. f4 Qd3+ 53. R2e3 Qf1 54. f5 Qg1+ 55. Kf4 Qh2 56. Kg5 Qxa2 57. f6 Qf2 58. Kg6 b5 59. cxb5+ Kxb5 60. f7 c4 61. Re5+ Kb4 62. Rf5 1-0

[Site "Europe Echecs"]

[Event "Championnat d'Europe de Blitz"]
[Date "2024.12.09"]
[White "Guliyev, Namig"]
[Black "Ragger, Markus"]
[WhiteElo "2484"]
[BlackElo "2577"]
[Round "13.20"]
[Result "0-1"]
[TimeControl "180+2"]

1. e4 e5 2. Nf3 Nc6 3. Bb5 a6 4. Ba4 Bc5 5. O-O Nge7 6. c3 Ng6 7.
d4 Ba7 8.
Bg5 f6 9.
Be3 O-O 10.
Nbd2 Kh8 11.
Re1 exd4 12.
cxd4 d5 13.
exd5 Nb4 14.
Ne4 Nxd5 15.
Nc3 Be6 16.
Bb3 Qd7 17.
Ne4 Nxe3 18.
fxe3 Rae8 19. Nc3 Bg4 20. h3 Bxh3 21. gxh3 Qxh3 22. Kf2 Nh4 23. Rg1 Nf5 24. Nd5 g5 25. Qf1 Qxf1+ 26. Raxf1 c6 27. Nc7 Rxe3 28. Bc2 Rxf3+ 29. Kxf3 Nxd4+ 30. Ke4 Nxc2 31. Rh1 Ne3 32. Rf3 f5+ 33. Ke5 g4 34. Ne6 gxf3 35. Nxf8 f2 36. Kf6 f1=Q 37. Ng6+ Kg8 38. Ne7+ Kf8 39. Rxh7 Nd5+ 40. Nxd5 Bd4+ 0-1

[Site "Europe Echecs"]

[Event "Championnat d'Europe de Blitz"]
[Date "2024.12.09"]
[White "Koelle, Tobias"]
[Black "Paichadze, Luka"]
[WhiteElo "2437"]
[BlackElo "2532"]
[Round "13.21"]
[Result "0-1"]
[TimeControl "180+2"]

1. d4 Nf6 2. c4 e6 3. Nf3 Bb4+ 4. Nbd2 d5 5. c5 O-O 6. a3 Bxd2+ 7. Bxd2 b6 8. b4 Ba6 9. Bg5 h6 10. Bh4 Bc4 11. g4 g5 12. Bg3 Ne4 13. Ne5 b5 14. f3 Nxg3 15. hxg3 Kg7 16. f4 Nd7 17. Nf3 Nf6 18. Qc1 Ne4 19. Rg1 f6 20. Qe3 a5 21. Rd1 axb4 22.
axb4 Ra2 23. Nd2 Rxd2 24. Rxd2 Nxd2 25.
Qxd2 Qa8 26.
Kf2 Qa3 27.
Bg2 Ra8 28.
Bf3 Qb3 29.
Rc1 Ra2 30.
Qe1 Qb2 31.
Rd1 Ra4 32.
Qh1 Rxb4 33.
Qh5 Rb3 34.
Kg1 Qc2 35.
Rf1 Qg6 36.
Qh2 Rb1 37.
f5 Rxf1+ 38.
Kxf1 exf5 39. gxf5 Qxf5 40. Qh5 Qg6 41. Qh3 f5 42. Qh2 g4 43. Bh1 Qe6 44. Qf2 b4 45. Qf4 Qxe2+ 46. Kg1 Qe1+ 47. Kh2 Qe7 48. Qxf5 b3 49. Qxg4+ Kf8 50. Qf5+ Qf7 51. Qc8+ Kg7 52. Qb8 Qf2+ 53. Kh3 Qf5+ 54. Kh2 Qf2+ 55. Kh3 Bf1+ 56.
Kg4 Qxd4+ 57. Kf5 Bh3+ [Site "Europe Echecs"]

[Event "Championnat d'Europe de Blitz"]
[Date "2024.12.09"]
[White "Saric, Ante"]
[Black "Ghimpu, Samuel-Timotei"]
[WhiteElo "2482"]
[BlackElo "2475"]
[Round "13.22"]
[Result "0-1"]
[TimeControl "180+2"]

1. Nf3 d5 2.
g3 c5 3. Bg2 Nc6 4. d4 cxd4 5. Nxd4 e6 6. O-O Bc5 7. Nxc6 bxc6 8. c4 Nf6 9. Qc2 Qe7 10. cxd5 cxd5 11. Be3 Bxe3 12. Qc6+ Qd7 13. Qxa8 O-O 14.
fxe3 Ba6 15.
Qxf8+ Kxf8 16. Nc3 Qb7 17. Bf3 Qxb2 18. Rfc1 Qd2 19. Kf2 g5 20. g4 e5 21. h3 e4 22. Bg2 h5 23. gxh5 d4 24. exd4 Qxd4+ 25. Kf1 Qe3 26. Rc2 Nxh5 27. Nxe4 f5 28. Bf3 fxe4 29. Bxh5 Qxh3+ 30. Kf2 Qh2+ 31. Ke3 Qf4+ 32. Kd4 Qf6+ 33. Ke3 Qxa1 [Site "Europe Echecs"]

[Event "Championnat d'Europe de Blitz"]
[Date "2024.12.09"]
[White "Dragnev, Valentin"]
[Black "Dvirnyy, Danyyil"]
[WhiteElo "2563"]
[BlackElo "2491"]
[Round "13.23"]
[Result "1-0"]
[TimeControl "180+2"]

1. e4 c5 2. Nf3 e6 3. c3 Nf6 4. e5 Nd5 5. d4 cxd4 6. cxd4 d6 7. Bc4 Be7 8. O-O O-O 9. Qe2 Bd7 10. Nc3 Nxc3 11. bxc3 Bc6 12. exd6 Bxd6 13. Ne5 Bd5 14. Bd3 Nc6 15. f4 Rc8 16. Be3 Ne7 17. c4 Bc6 18. Rad1 Ba4 19. Rde1 Bb4 20. Rb1 Bc3 21. Qf2 Nf5 22. Bxf5 exf5 23. Rfc1 f6 24. Rxc3 fxe5 25. fxe5 f4 26. Bxf4 b5 27. d5 Rxc4 28. Rxc4 bxc4 29. Qd4 Bc6 30. d6 Kh8 31. e6 Qh4 32. e7 Rg8 33. Re1 Qg4 34. Qf2 c3 35. h3 Qg6 36. Rc1 Qf6 37. Qg3 c2 38. Rxc2 Bd7 39. Rf2 Qe6 40. Be5 h6 41. Rf8 1-0

[Site "Europe Echecs"]

[Event "Championnat d'Europe de Blitz"]
[Date "2024.12.09"]
[White "Tudor, Henry Edward"]
[Black "Subelj, Jan"]
[WhiteElo "2375"]
[BlackElo "2526"]
[Round "13.24"]
[Result "1/2-1/2"]
[TimeControl "180+2"]

1. d4 Nf6 2. c4 c6 3. Nc3 d5 4. cxd5 cxd5 5. Bf4 Nc6 6. e3 a6 7. Rc1 Bf5 8. Nf3 Rc8 9. Be2 e6 10. O-O Bd6 11. Bxd6 Qxd6 12. Na4 O-O 13. Nc5 Qe7 14. Qb3 Rb8 15. Qa3 Ne4 16. b4 Rfc8 17. Qb2 Nd6 18. a4 a5 19. b5 Nb4 20. Ne5 Rd8 21. b6 f6 22. Nf3 Nc8 23. Nb3 Nxb6 24. Nxa5 Ra8 25. Rc5 Nxa4 26. Qxb4 Nxc5 27. dxc5 Qc7 28. Nb3 e5 29. Rc1 Ra2 30. Nbd2 Rda8 31. h3 Bg6 32. Bf1 R8a4 33. Qb3 Bf7 34.
Qb6 Qxb6 35.
cxb6 h6 36. Rc8+ Kh7 37. Rc7 Bg6 38. Nb3 Rb4 39. Nc5 Ra1 40. Ne6 Bd3 41. Rxg7+ Kh8 42. Rxb7 Rxf1+ 43. Kh2 Rxf2 44. Nh4 Rfb2 45. Rb8+ Kh7 46.
Rb7+ Kg8 47. Rg7+ Kh8 48. Rf7 Rxb6 49. Rf8+ Kh7 50. Rf7+ Kg8 51. Rf8+ Kh7 1/2-1/2

[Site "Europe Echecs"]

[Event "Championnat d'Europe de Blitz"]
[Date "2024.12.09"]
[White "Laurusas, Tomas"]
[Black "Boyer, Mahel"]
[WhiteElo "2578"]
[BlackElo "2526"]
[Round "13.25"]
[Result "0-1"]
[TimeControl "180+2"]

1. d4 g6 2. c4 Bg7 3. Nf3 d6 4. Nc3 c5 5. e3 Nf6 6. Be2 O-O 7. O-O e6 8.
d5 exd5 9.
cxd5 Re8 10.
Nd2 Nbd7 11.
a4 a6 12. h3 Ne5 13. Kh1 Rb8 14. e4 g5 15. Ra3 g4 16. hxg4 Nfxg4 17. g3 h5 18. Kg2 h4 19. Rh1 hxg3 20. Kxg3 b5 21. axb5 axb5 22. Nxb5 Bd7 23. Nc3 f5 24. f4 Rb4 25. Rh5 Qf6 26. Nf3 Ng6 27. Ra7 fxe4 28. Rxd7 exf3 29. Bxf3 Ne3 30. Bxe3 Rxe3 31. Ne2 Nxf4 32. Qh1 Nxe2+ 33. Kf2 Rxf3+ 34. Qxf3 Rf4 35. Rd8+ Qxd8 0-1

[Site "Europe Echecs"]

[Event "Championnat d'Europe de Blitz"]
[Date "2024.12.09"]
[White "Horvath, Dominik"]
[Black "Djukic, Nikola"]
[WhiteElo "2542"]
[BlackElo "2493"]
[Round "13.26"]
[Result "0-1"]
[TimeControl "180+2"]

1. g3 c5 2. Bg2 g6 3. c3 Bg7 4. d4 cxd4 5. cxd4 d5 6. Nf3 Nf6 7. O-O O-O 8. Nc3 Bf5 9. Bf4 Ne4 10. Rc1 Nc6 11. Nh4 Nxc3 12. bxc3 Be6 13. c4 Rc8 14. e4 Nxd4 15. cxd5 Bd7 16. Rxc8 Qxc8 17. Qd2 Qc4 18. Be3 Rc8 19. Rd1 Ne2+ 20. Kh1 Nc3 21. Rc1 a5 22. Bf1 Qxe4+ 23. Bg2 Qc4 24. a3 b5 25. Bg5 Qc5 26. Re1 Re8 27. Nf3 Qxd5 28. Qf4 Qf5 29. Qc7 Be6 30. Qxa5 Bd5 31. Bf4 Qd3 32. Ne5 Bxg2+ 33. Kxg2 Qd5+ 34.
Nf3 Ne4 35.
a4 g5 36.
Be3 g4 37.
Nh4 Bc3 0-1

[Site "Europe Echecs"]

[Event "Championnat d'Europe de Blitz"]
[Date "2024.12.09"]
[White "Navara, David"]
[Black "Aizenberg, Benny"]
[WhiteElo "2665"]
[BlackElo "2425"]
[Round "13.27"]
[Result "1-0"]
[TimeControl "180+2"]

1. d4 Nf6 2. c4 g6 3. Nc3 d5 4. cxd5 Nxd5 5. e4 Nxc3 6. bxc3 Bg7 7. Be3 c5 8. Rc1 O-O 9. Qd2 cxd4 10. cxd4 Nc6 11. d5 Ne5 12. h3 f5 13. f4 Nd7 14. e5 Nb6 15. Rc5 Bd7 16. Nf3 Rc8 17. Be2 Rxc5 18. Bxc5 Bc8 19. d6 exd6 20. Bxd6 Re8 21. O-O Be6 22. Ng5 Bd5 23. Bb5 h6 24. Bxe8 Qxe8 25. Nf3 Qa4 26. Rc1 Kh7 27. a3 Qe4 28. Qd4 Qe2 29. Re1 Qc2 30. Qf2 Qa4 31. e6 Nc4 32. Bc5 b6 33. Bd4 Bxf3 34. Bxg7 Bxg2 35. Kxg2 Kxg7 36.
Qd4+ Kg8 37. Qd8+ 1-0

[Site "Europe Echecs"]

[Event "Championnat d'Europe de Blitz"]
[Date "2024.12.09"]
[White "Pacher, Milan"]
[Black "Georgiev, Kiril"]
[WhiteElo "2310"]
[BlackElo "2537"]
[Round "13.28"]
[Result "0-1"]
[TimeControl "180+2"]

1. d4 Nf6 2. c4 Nc6 3. Nf3 e6 4. a3 d6 5. Nc3 g6 6. e4 Bg7 7. Be2 O-O 8. O-O Re8 9. b4 e5 10. d5 Nd4 11. Be3 Nxe2+ 12. Qxe2 Ng4 13. c5 f5 14. cxd6 cxd6 15. Rac1 Bd7 16. Bg5 Qb6 17. Nd2 Rac8 18. h3 Nf6 19. Be3 Qd8 20. Bxa7 Ra8 21. Qe3 b5 22. Nb3 f4 23. Qb6 Qxb6 24.
Bxb6 Rxa3 25. Na5 f3 26. gxf3 Bh6 27. Be3 Bxe3 28. fxe3 Bxh3 29. Rf2 Bd7 30. Ra2 Rxa2 31. Nxa2 g5 32.
Rc7 g4 33.
Nc3 gxf3 34.
Kf2 Rf8 35. Nc6 Ng4+ 36. Kg3 f2 0-1

[Site "Europe Echecs"]